 Dungeon Crawl Stone Soup version 0.26-a0-20-g5f92b90fa0 (webtiles) character file.

Game seed: 618980547235594779, levelgen mode: deterministic

61 MisterFreud the Skirmisher (level 4, 0/49 HPs)
             Began as an Octopode Gladiator on May 25, 2020.
             Succumbed to an adder's poison
             ... on level 2 of the Dungeon.
             The game lasted 00:01:51 (1356 turns).

MisterFreud the Skirmisher (Octopode Gladiator)     Turns: 1356, Time: 00:01:52

Health: 0/49       AC: 22    Str: 10 (13) XL:     4   Next: 7%
Magic:  4/4        EV:  2    Int: 10 (11) God:
Gold:   71         SH:  0    Dex: 18 (19) Spells: 3/3 levels left

rFire    . . .     SeeInvis .   a - +0 long sword
rCold    . . .     Gourm    .   (no shield)
rNeg     + + +     Faith    .   (helmet currently unavailable)
rPois    +         Spirit   .   (no amulet)
rElec    .         Reflect  .   h - +6 ring of dexterity (curse)
rCorr    .         Harm     .   (no ring)
MR       .....     NoTele   +   (no ring)
Stlth    ++........             (no ring)
HPRegen  0.16/turn              (no ring)
MPRegen  0.09/turn              (no ring)
                                (no ring)
                                (no ring)

@: brilliant, lethally poisoned (0 -> -6), tree-form, stab
A: almost no armour, stealthy swim, (amphibious), 8 rings, (constrict 8)
a: no special abilities


You were on level 2 of the Dungeon.
You were not hungry.
You were a tree.
You visited 1 branch of the dungeon, and saw 2 of its levels.

You collected 71 gold pieces.

Inventory:

Hand Weapons
 a - a +0 long sword (weapon)
Missiles
 c - 3 throwing nets (quivered)
Armour
 b - a +0 hat (melded)
Jewellery
 h - a cursed +6 ring of dexterity (left branch)
Scrolls
 e - 2 scrolls of magic mapping
 j - 2 scrolls of amnesia {unknown}
 m - a scroll of enchant weapon {unknown}
 n - a scroll of noise {unknown}
 p - 2 scrolls of identify {unknown}
 q - a scroll of enchant armour {unknown}
Potions
 k - a potion of degeneration
Comestibles
 d - 2 rations
 f - 2 chunks of flesh


   Skills:
 - Level 4.0 Fighting
 + Level 3.1 Long Blades
 - Level 2.0 Throwing
 * Level 3.2 Dodging


You had 3 spell levels left.
You didn't know any spells.
Your spell library was empty.

Dungeon Overview and Level Annotations

Branches:
Dungeon (2/15)

Altars:


Innate Abilities, Weirdness & Mutations

You cannot wear most types of armour.
You are very stealthy in the water. (Stealth+)
((You are amphibious.))
You can wear up to eight rings at the same time.
((You can use your tentacles to constrict eight enemies at once.))
((Your skin changes colour to match your surroundings (Stealth+).))
((Your rubbery body absorbs attacks. (AC +1, EV +1)))


Message History

You feel sick. The kobold barely misses you.
It was a potion of brilliance.
You feel clever all of a sudden.
You constrict the worm.
The kobold hits you with a +0 short sword.
* * * LOW HITPOINT WARNING * * *
The worm barely misses you.
It was a potion of lignification.
You turn into a tree.
Your +0 hat melds into your body.
Your roots penetrate the ground.
You lose your grip on the worm.
* * * LOW HITPOINT WARNING * * *
You feel sick. The kobold hits you but does no damage.
The worm bites you but does no damage.
Okay, then.
Unknown command.
Okay, then.
Unknown command.
As you read the scroll labeled BEM GAUVVU, it crumbles to dust.
You feel aware of your surroundings.
It was a scroll of magic mapping.
You die...

...###.##>#..##..##...# *,*
#..##..##......#.####.######,*
......#######....###.......#,*
#..###* ##.............#,*
#...,* ###...#.......#,****
#.##.* ##..#.......#,,,,,
#..,,** ##.#########,,,,,
##**,,*
#########†..#####,,,,,,, *,,*
#.....w♣K.†)......,,,,,>
**,***#.#########.......*,,***
***,,,,,,* ***,,,,......#**,*
***,,,,,******,,,,,,......#
*,*
,,,,*,,,,,,,,,,*,,,,....!.#
*,*
******,,,*******,,,,......#
*,* **,,,* *****#####.#**,* **
**,,,**** *,,**,*** ,*
**,,,,,,,* **,,,,,,,


You could see a worm and a kobold.

Vanquished Creatures
  3 adders (D:2)
  2 oozes
  A leopard gecko (D:2)
  6 goblins
  3 hobgoblins
  2 kobolds (D:1)
  A quokka (D:2)
  A ball python (D:1)
  4 bats (D:2)
  2 frilled lizards
  2 rats (D:1)
27 creatures vanquished.

Notes
Turn   | Place    | Note
-------+----------+-------------------------------------------
     0 | D:1      | MisterFreud the Octopode Gladiator began the quest for the
                  | Orb.
     0 | D:1      | Reached XP level 1. HP: 14/14 MP: 1/1
   105 | D:1      | Reached XP level 2. HP: 20/20 MP: 2/2
   286 | D:1      | Reached skill level 3 in Fighting
  1102 | D:2      | Reached XP level 3. HP: 25/26 MP: 3/3
  1178 | D:2      | Found a faded altar of an unknown god.
  1252 | D:2      | Reached skill level 4 in Fighting
  1350 | D:2      | Reached XP level 4. HP: 11/33 MP: 4/4
  1354 | D:2      | HP: 1/33 [kobold/+0 short sword (4)]
  1356 | D:2      | Succumbed to an adder's poison

Illustrated notes

Levels and vault maps discovered:
D:1:      dpeg_arrival_simpleton_a, layout_basic
D:2:      layout_rooms, chequers_ecumenical_altar_simple_redux,
          minmay_crystal_room, uniq_crazy_yiuf_cottage

Skill      XL: |  1  2  3 |
---------------+----------+-----
Fighting       | 3 4 |  4.0
Long Blades    | |  3.1
Throwing       | |  2.0
Dodging        | |  3.2

Action                   |  1- 3 |  4- 6 || total
-------------------------+-------+-------++-------
Melee: Long sword        |    48 |       ||    48
       Tentacles         |    12 |       ||    12
       Constrict         |    12 |     1 ||    13
  Use: Potion            |       |     5 ||     5
       Scroll            |       |     1 ||     1
 Stab: Sleeping          |     6 |       ||     6
  Eat: Chunk             |     1 |       ||     1
Armor: Skin              |     1 |     2 ||     3
Dodge: Dodged            |    37 |     5 ||    42
       Rpst.: Long sword |    10 |     1 ||    11

Table legend:
 A = Non-vault XP
 B = Vault XP
 C = Vault XP percentage of total XP
 D = Non-vault monster count
 E = Vault monster count
 F = Vault count percentage of total count
                 A         B        C        D         E       F
            +---------+---------+-------+---------+---------+-------
      Total |      88 |       0 |   0.0 |      27 |       0 |   0.0
            +---------+---------+-------+---------+---------+-------
        D:1 |      26 |       0 |   0.0 |      13 |       0 |   0.0
        D:2 |      62 |       0 |   0.0 |      14 |       0 |   0.0
            +---------+---------+-------+---------+---------+-------
